cohdb
Replays
Latest Replays
All Replays
Popular Replays
Top Player Replays
Match Explorer
How It Works
Community
CoH3 Stats
Reddit
Sign in to upload your games and track your stats! →
Sign in with Steam
Match 38865914
Unlisted
Match 38865914
Overview
Messages
Build Orders
End
Pioneer Squad
Construct Infanterie Kompanie
Grenadier Squad
Grenadier Squad
Grenadier Squad
MG 42 Machine Gun Team
Construct Luftwaffe Kompanie
221 Scout Car
Infanterie Officer Quarters
Selects Mechanized Battlegroup
Selects Raid Package
MG 42 Machine Gun Team
Medical Bunker
Construct Panzer Kompanie
Selects StuG Assault Group
Selects UNKNOWN (2160084)
Lilfuture
只愛❤毛妹
0
0
Comments
sign in to comment!
No comments posted yet!